 Dungeon Crawl Stone Soup version 0.28-a0-410-gbef64dd269 (webtiles) character file.

Game seed: 16985903347768017970

73 olmar the Covered (level 4, 0/29 HPs)
             Began as a Gargoyle Fighter on Sept 6, 2021.
             Slain by a gnoll (3 damage)
             ... on level 2 of the Dungeon.
             The game lasted 00:01:43 (1516 turns).

olmar the Covered (Gargoyle Fighter)                Turns: 1516, Time: 00:01:44

Health: 0/29       AC: 10    Str: 21    XL:     4   Next: 27%
Magic:  4/4        EV:  9    Int:  8    God:
Gold:   45         SH:  4    Dex:  9    Spells: 3/3 levels left

rFire   . . .      SeeInvis +   a - +0 flail
rCold   . . .      Faith    .   c - +0 buckler
rNeg    + . .      Spirit   .   b - +0 scale mail
rPois   ∞          Reflect  .   (no helmet)
rElec   +          Harm     .   (no cloak)
rCorr   .          Rampage  .   (no gloves)
Will    .....                   (no boots)
Stlth   ..........              (no amulet)
HPRegen 0.09/turn               d - ring of see invisible
MPRegen 0.09/turn               (no ring)

@: no status effects
A: sickness immunity, AC +3, negative energy resistance 1, electricity
resistance, torment resistance 1, petrification resistance
a: no special abilities


You were on level 2 of the Dungeon.
You visited 1 branch of the dungeon, and saw 3 of its levels.

You collected 45 gold pieces.

Inventory:

Hand Weapons
 a - a +0 flail (weapon)
Armour
 b - a +0 scale mail (worn)
 c - a +0 buckler (worn)
Jewellery
 d - a ring of see invisible (left hand)
Wands
 j - a wand of mindburst (12)
Scrolls
 e - a scroll of torment {unknown}
 g - 2 scrolls of amnesia {unknown}
 i - a scroll of teleportation {unknown}
Potions
 f - a potion of brilliance
 h - a potion of ambrosia {unknown}
 k - a potion of magic {unknown}
 l - a potion of curing {unknown}


   Skills:
 + Level 3.9 Fighting
 + Level 2.7 Maces & Flails
 + Level 3.9 Armour
 + Level 0.2 Dodging
 + Level 0.1 Stealth
 + Level 3.8 Shields


You had 3 spell levels left.
You didn't know any spells.
Your spell library was empty.

Dungeon Overview and Level Annotations

Branches:
Dungeon (3/15)

Altars:


Innate Abilities, Weirdness & Mutations

You are immune to sickness and miasma.
Your stone body is resilient. (AC +3)
You are immune to poison.
You resist negative energy. (rN+)
You are resistant to electric shocks. (rElec)
You are resistant to unholy torment.
You are immune to petrification.


Message History

The gnoll hits you with a +0 club. The orc misses you.
You block the gnoll's attack.
Unknown command.
You closely miss the orc.
The orc is moderately wounded.
The gnoll barely misses you.
The orc hits you with a +0 dagger of venom.
The gnoll hits you but does no damage.
Unknown command.
You hit the gnoll.
The gnoll is lightly wounded.
The gnoll closely misses you. You block the orc's attack. The gnoll misses you.
Unknown command.
You hit the gnoll but do no damage.
The gnoll is lightly wounded.
The gnoll hits you with a +0 club. The orc closely misses you.
The gnoll hits you with a +0 club. The gnoll barely misses you.
The orc hits you but does no damage. The gnoll closely misses you.
Unknown command.
You closely miss the gnoll.
The gnoll is lightly wounded.
The gnoll hits you with a +0 club. You block the orc's attack.
The gnoll hits you with a +0 club.
Unknown command.
You hit the gnoll but do no damage.
The gnoll is lightly wounded.
The gnoll hits you but does no damage.
The orc hits you with a +0 dagger of venom.
The gnoll hits you with a +0 club.
* * * LOW HITPOINT WARNING * * *
Unknown command.
You sock the gnoll!
The gnoll is severely wounded.
The gnoll barely misses you.
The orc hits you with a +0 dagger of venom.
* * * LOW HITPOINT WARNING * * *
The gnoll hits you with a +0 club.
* * * LOW HITPOINT WARNING * * *
The gnoll hits you with a +0 club.
You die... ### ##@## #gog#

#.♣g# #...#
##.'#####
######....###
##...##....#.#
#>.♣..'.♣..#.####
##...##....#....#


You could see 2 gnolls, an orc and a hobgoblin.

Vanquished Creatures
  2 adders (D:2)
  A dart slug (D:2)
  4 ball pythons (D:1)
  3 endoplasms (D:1)
  2 giant cockroaches (D:2)
  A goblin (D:2)
  7 hobgoblins
  11 kobolds
  A quokka (D:1)
  7 bats
  6 frilled lizards
  5 rats
50 creatures vanquished.

Notes
Turn   | Place    | Note
-------+----------+-------------------------------------------
     0 | D:1      | olmar the Gargoyle Fighter began the quest for the Orb.
     0 | D:1      | Reached XP level 1. HP: 14/14 MP: 1/1
    46 | D:1      | Reached XP level 2. HP: 19/19 MP: 2/2
   429 | D:1      | Reached XP level 3. HP: 18/24 MP: 3/3
  1087 | D:2      | Found a faded altar of an unknown god.
  1142 | D:2      | Reached XP level 4. HP: 24/29 MP: 4/4
  1516 | D:2      | Slain by a gnoll

Illustrated notes

Levels and vault maps discovered:
D:1:      dpeg_arrival_stone_temple_mockup, layout_rooms
D:2:      layout_basic, hellmonk_ecumenical_altar_blasted,
          kennysheep_minor_cross, grunt_ministairs_4
D:3:      layout_rooms

Action                   |  1- 3 |  4- 6 || total
-------------------------+-------+-------++-------
Melee: Flail             |   126 |    30 ||   156
  Use: Potion            |     2 |       ||     2
Armor: Scale mail        |    65 |    17 ||    82
Dodge: Dodged            |    89 |    23 ||   112
Block: Buckler           |    26 |     6 ||    32

Table legend: (Time is in decaauts)
 A = Elapsed time spent in this place.
 B = Non-inter-level travel time spent in this place.
 C = Inter-level travel time spent in this place.
 D = Time resting spent in this place.
 E = Time spent auto-exploring this place.
 F = Levels seen in this place.
 G = Mean time per level.
                   A        B        C        D        E       F      G
               +--------+--------+--------+--------+--------+-----+--------+
         Total |   1560 |   1540 |     20 |    175 |   1037 |   3 |  520.0 |
       Dungeon |   1560 |   1540 |     20 |    175 |   1037 |   3 |  520.0 |
               +--------+--------+--------+--------+--------+-----+--------+

Top non-repeatable levels by time:
     D:1: 981 daAuts
     D:2: 576 daAuts
     D:3: 1 daAuts
